 Dungeon Crawl Stone Soup version 0.21.0-3-g78d12a8 (webtiles) character file.

4736 Faca the Basher (level 10, -7/64 HPs)
             Began as a Gargoyle Fighter on Jan 10, 2018.
             Was a Believer of Okawaru.
             Killed by divine providence
             ... invoked by an orc priest
              (16 damage)
             ... on level 9 of the Dungeon.
             The game lasted 00:18:38 (8722 turns).

Faca the Basher (Gargoyle Fighter)                  Turns: 8722, Time: 00:18:39

Health: -7/64      AC: 20    Str: 20    XL:     10   Next: 46%
Magic:  10/10      EV:  6    Int: 10    God:    Okawaru [**....]
Gold:   493        SH: 12    Dex: 11    Spells: 9/9 levels left

rFire    + . .     SeeInvis .   v - +1 flail (curse)
rCold    . . .     Gourm    .   c - +1 shield
rNeg     + . .     Faith    .   x - +1 chain mail {rPois}
rPois    ∞         Spirit   .   (no helmet)
rElec    +         Reflect  .   g - +0 cloak
rCorr    .         Harm     .   (no gloves)
MR       .....                  (no boots)
Stlth    ..........             (no amulet)
HPRegen  0.20/turn              i - ring of protection from fire
MPRegen  0.12/turn              u - ring of flight

@: no status effects
A: negative energy resistance 1, electricity resistance, unbreathing,
petrification resistance, rot immunity, AC +7
a: Heroism, Renounce Religion, Evoke Flight


You were on level 9 of the Dungeon.
You worshipped Okawaru.
Okawaru was pleased with you.
You were not hungry.

You visited 2 branches of the dungeon, and saw 10 of its levels.

You collected 493 gold pieces.

Inventory:

Hand Weapons
 v - a cursed +1 flail (weapon)
Armour
 c - a +1 shield (worn)
 g - a +0 cloak (worn)
 x - a +1 chain mail of poison resistance (worn)
Jewellery
 i - a ring of protection from fire (left hand)
 j - an uncursed ring of resist corrosion
 u - a ring of flight (right hand)
Scrolls
 a - a scroll of fear
 o - 2 scrolls of enchant armour
 r - 2 scrolls of teleportation
 s - 3 scrolls of remove curse
 w - 4 scrolls of enchant weapon
Potions
 d - a potion of might
 e - a potion of resistance
 h - a potion of curing
 k - 3 potions of haste
 l - a potion of lignification
 m - 3 potions of brilliance
 n - 2 potions of berserk rage
 p - a potion of cancellation
 q - a potion of mutation
 t - a potion of heal wounds
Comestibles
 f - 18 rations


   Skills:
 + Level 8.1 Fighting
 * Level 9.8 Maces & Flails
 + Level 8.1 Armour
 + Level 8.0 Shields


You had 9 spell levels left.
You didn't know any spells.

Dungeon Overview and Level Annotations

Branches:
Dungeon (9/15)             Temple (1/1) D:7
   Lair: D:8-11         Orc: D:9-12

Altars:
Ashenzari
Cheibriados
Dithmenos
Elyvilon
Fedhas
Gozag
Hepliaklqana
Kikubaaqudgha
Makhleb
Nemelex Xobeh
Okawaru
Qazlal
Ru
Sif Muna
Trog
Uskayaw
Vehumet
Wu Jian
Xom
Yredelemnul
Zin
The Shining One


Innate Abilities, Weirdness & Mutations

You are resistant to torment.
Your stone body is resilient. (AC +7)
You are immune to poison.
You resist negative energy. (rN+)
You are resistant to electric shocks. (rElec)
You can survive without breathing.
You are immune to petrification.
You are immune to rotting.


Message History

You hear a shout! x2
You block the two-headed ogre's attack.
The two-headed ogre hits you with a giant club.
Your chain mail prevents you from hitting the two-headed ogre.
The two-headed ogre is heavily wounded.
You block the orc's attack.
The orc priest invokes the aid of Beogh against you.
Beogh smites you!
The two-headed ogre hits you but does no damage.
The two-headed ogre hits you with a giant club.
* * * LOW HITPOINT WARNING * * *
The phantom blinks!
An orc comes into view. It is wielding a dagger.
The orc shouts!
The orc priest mumbles some strange prayers to Beogh against you.
Beogh smites you!
* * * LOW HITPOINT WARNING * * *
The orc priest invokes the aid of Beogh against you.
Beogh smites you!
You die...

#.# #..#.#.#.#oo.# ..#
#.###.#.#.##.# ##
.####.##.#.#.###o##..
......#.#.#o#..#....#
#####.##.#.#O###.#..#
#...#.#.#o#..#.#
#..###O###.....#
#....####.Wo.###
#...........@#
######.#.##..#######
##...##......... #####
###....K..<.......
......#..>##r###########
........#(o..#
#####....(#### .
###...)# ...
#..K##o####.....


You could see a two-headed ogre, a phantom, an orc priest and 3 orcs.

Vanquished Creatures
  A two-headed ogre (D:8)
  A queen bee (D:8)
  Menkaure (D:7)
  3 water moccasins
  2 orc warriors
  2 ice beasts
  2 ogres
  4 centaurs
  4 bullfrogs (D:6)
  8 wights
  18 killer bees
  2 howler monkeys
  A bullfrog zombie (D:8)
  A centaur zombie (D:6)
  A crimson imp (D:6)
  2 jellies
  Crazy Yiuf (D:2)
  A centaur skeleton (D:9)
  4 orc priests
  3 orc wizards
  A bullfrog skeleton (D:7)
  4 iguanas
  Natasha (thrice) (D:3)
  5 worker ants
  A killer bee zombie (D:7)
  A hound zombie (D:8)
  3 hound skeletons
  A howler monkey skeleton (D:5)
  15 adders
  2 shadow imps
  3 oozes
  4 adder skeletons
  A worm (D:2)
  2 dart slugs
  6 leopard geckos
  19 orcs
  5 giant cockroaches
  6 goblins
  6 hobgoblins
  10 jackals
  10 kobolds
  2 quokkas
  A ball python (D:3)
  6 bats
  3 frilled lizards
  A giant cockroach zombie (D:5)
  A jackal skeleton (D:4)
  A leopard gecko skeleton (D:8)
  6 rats
191 creatures vanquished.

Notes
Turn   | Place    | Note
-------+----------+-------------------------------------------
     0 | D:1      | Faca the Gargoyle Fighter began the quest for the Orb.
     0 | D:1      | Reached XP level 1. HP: 14/14 MP: 1/1
   118 | D:1      | Reached XP level 2. HP: 19/19 MP: 2/2
   390 | D:2      | Noticed a water moccasin
   403 | D:1      | Reached XP level 3. HP: 17/23 MP: 3/3
   515 | D:1      | Killed a water moccasin
   515 | D:1      | Reached skill level 3 in Maces & Flails
   515 | D:1      | Reached XP level 4. HP: 12/29 MP: 4/4
   515 | D:1      | Reached XP level 5. HP: 14/33 MP: 5/5
  1134 | D:2      | Found a runed door.
  1138 | D:2      | Noticed Crazy Yiuf
  1149 | D:2      | Killed Crazy Yiuf
  1149 | D:2      | Reached skill level 4 in Maces & Flails
  1527 | D:3      | Reached XP level 6. HP: 33/38 MP: 6/6
  1784 | D:3      | Noticed Natasha
  1793 | D:3      | Killed Natasha
  1954 | D:3      | Noticed Natasha
  1966 | D:3      | Killed Natasha
  1966 | D:3      | Noticed Natasha
  1985 | D:3      | Killed Natasha
  2327 | D:4      | Reached XP level 7. HP: 41/44 MP: 7/7
  2447 | D:4      | Reached skill level 5 in Maces & Flails
  2718 | D:4      | Reached skill level 5 in Fighting
  2962 | D:5      | Entered Level 5 of the Dungeon
  2991 | D:5      | Reached skill level 5 in Armour
  2991 | D:5      | Reached skill level 5 in Shields
  3272 | D:5      | Reached XP level 8. HP: 31/49 MP: 8/8
  3505 | D:5      | Reached skill level 6 in Maces & Flails
  3616 | D:5      | Found a hide-covered altar of Uskayaw.
  4094 | D:6      | Found an opulent altar of Gozag.
  4289 | D:6      | Reached skill level 7 in Maces & Flails
  4552 | D:7      | Reached XP level 9. HP: 53/56 MP: 9/9
  4749 | D:7      | Noticed Menkaure
  4929 | D:7      | Killed Menkaure
  5233 | D:7      | Found a staircase to the Ecumenical Temple.
  5255 | Temple   | Entered the Ecumenical Temple
  5335 | Temple   | Became a worshipper of Warmaster Okawaru
  5978 | D:8      | Reached skill level 8 in Maces & Flails
  6395 | D:8      | Noticed a two-headed ogre
  6416 | D:8      | Killed a two-headed ogre
  6416 | D:8      | Reached * piety under Okawaru
  6739 | D:8      | Reached skill level 9 in Maces & Flails
  6739 | D:8      | Reached XP level 10. HP: 63/63 MP: 10/10
  6838 | D:8      | Reached ** piety under Okawaru
  7635 | D:9      | Noticed a two-headed ogre
  8722 | D:9      | Killed from afar by an orc priest

Skill      XL: |  1  2  3  4  5  6  7  8  9 10 |
---------------+-------------------------------+-----
Fighting       | 4 5 6 7 8 |  8.1
Maces & Flails | 3 4 5 7 9 |  9.8
Armour         | 4 5 6 7 8 |  8.1
Shields        | 4 5 6 7 8 |  8.0

Action                   |  1- 3 |  4- 6 |  7- 9 | 10-12 || total
-------------------------+-------+-------+-------+-------++-------
Melee: Flail             |    93 |   229 |   418 |   328 ||  1068
  Use: Scroll            |     6 |     3 |     9 |       ||    18
       Potion            |       |       |     1 |     2 ||     3
  Eat: Chunk             |       |     3 |     3 |     2 ||     8
       Ration            |       |     1 |     3 |     2 ||     6
Armor: Scale mail        |    54 |   122 |   177 |       ||   353
       Chain mail        |       |       |     7 |   275 ||   282
Dodge: Dodged            |    44 |    83 |   127 |   105 ||   359
Block: Shield            |    68 |   148 |   245 |   311 ||   772
